 Dungeon Crawl Stone Soup version 0.27-a0-1278-g6cbc8dfb29 (webtiles) character file.

Game seed: 14606744786935593798

2004 dickylongcocking the Skirmisher (level 9, 0/72 HPs)
             Began as a Djinni Fire Elementalist on June 13, 2021.
             Was a Follower of Uskayaw.
             Slain by a gnoll sergeant (2 damage)
             ... on level 7 of the Dungeon.
             The game lasted 00:07:26 (9763 turns).

dickylongcocking the Skirmisher (DjFE)              Turns: 9763, Time: 00:07:26

Health: 0/72       AC:  4    Str:  7    XL:     9   Next: 45%
Gold:   352        EV: 14    Int: 20    God:    Uskayaw [*.....] SH:  0 Dex: 24

rFire    + + .     SeeInvis .   r - +5 dagger of Peril {protect, Contam rPois Dex+10 Stlth+}
rCold    . . .     Faith    .   (no shield)
rNeg     + . .     Spirit   .   x - +0 robe {rN+}
rPois    ∞         Reflect  .   (no helmet)
rElec    .         Harm     .   (no cloak)
rCorr    .         Rampage  .   (no gloves)
Will     .....                  (boots unavailable)
Stlth    ++++......             (no amulet)
HPRegen  0.22/turn              j - ring of protection from cold
MPRegen  0.00/turn              (no ring)

@: flying
A: sickness immunity, fire resistance 2, cold vulnerability 1, float, innate
caster, hp casting, extra vitality 1, iridescent scales 1, clever 1, robust 1,
weak 1
a: Renounce Religion, Stomp


You were on level 7 of the Dungeon.
You worshipped Uskayaw.
Uskayaw was noncommittal.
You visited 1 branch of the dungeon, and saw 7 of its levels.

You collected 485 gold pieces.
You spent 133 gold pieces at shops.

Inventory:

Hand Weapons
 d - a +0 dagger
 g - a +0 spear
 r - the +5 dagger of Peril (weapon) {protect, Contam rPois Dex+10 Stlth+}
   (You bought it in a shop on level 3 of the Dungeon)

   It grants its wielder temporary protection when it strikes (+7 to AC).
   It affects your dexterity (+10).
   It protects you from poison.
   It causes magical contamination when unequipped.
   It makes you more stealthy.
Missiles
 w - 5 curare-tipped darts
Armour
 a - a +0 robe
 x - a +0 robe of positive energy (worn)
Jewellery
 j - a ring of protection from cold (left hand)
 n - a ring of magical power
Wands
 k - a wand of polymorph (12)
 q - a wand of flame (10)
Scrolls
 c - 2 scrolls of torment {unknown}
 e - 2 scrolls of amnesia {unknown}
 f - 2 scrolls of teleportation
 h - a scroll of fog {unknown}
 i - 3 scrolls of vulnerability
 m - 3 scrolls of fear {unknown}
 p - 6 scrolls of identify {unknown}
 u - a scroll of enchant weapon {unknown}
 y - a scroll of magic mapping {unknown}
Potions
 b - a potion of degeneration {unknown}
 l - a potion of haste {unknown}
 o - a potion of brilliance {unknown}
 s - a potion of attraction {unknown}
 t - 2 potions of mutation
 v - 2 potions of curing {unknown}


   Skills:
 * Level 6.2 Fighting
 - Level 0.8 Polearms
 - Level 2.9 Dodging
 - Level 2.2 Stealth
 * Level 6.0 Spellcasting
 * Level 6.0 Invocations


You couldn't memorise any spells.
You knew the following spells:

 Your Spells              Type           Power      Damage    Failure   Level
a - Foxfire               Conj/Fire      100%       2x1d9     1%          1
b - Conjure Flame         Conj/Fire      30%        6-21      2%          3
c - Inner Flame           Hex/Fire       30%        N/A       2%          3
d - Sticky Flame          Conj/Fire      30%        2d5       9%          4
e - Fireball              Conj/Fire      15%        3d8       24%         5
f - Apportation           Tloc           60%        N/A       1%          1
g - Static Discharge      Conj/Air       30%        N/A       1%          2
h - Lesser Beckoning      Tloc           15%        N/A       2%          3
i - Summon Ice Beast      Ice/Summ       30%        N/A       9%          4
Your spell library was empty.

Dungeon Overview and Level Annotations

Branches:
Dungeon (7/15)             Temple (0/1) D:4

Altars:
Makhleb
Uskayaw
Wu Jian

Shops:
D:3 (


Innate Abilities, Weirdness & Mutations

You are immune to sickness and miasma.
You are immune to poison.
Your flesh is very heat resistant. (rF++)
You are vulnerable to cold. (rC-)
You float through the air rather than walking.
You learn spells naturally, not from books.
Your magical power is your life essence.
You have superior vitality. (+4 HP)
You are partially covered in iridescent scales. (AC +2)
Your mind is acute. (Int +2)
You are robust. (+10% HP)
You are weak. (Str -2)


Message History

Confirm with . or Enter, or press ? or * to list all spells.
You conjure some foxfire!
The foxfire hits the gnoll sergeant but does no damage.
The gnoll sergeant is lightly wounded.
The foxfire hits the gnoll sergeant but does no damage.
The gnoll sergeant is lightly wounded.
The foxfire hits the gnoll sergeant but does no damage.
The gnoll sergeant is lightly wounded.
Casting: Foxfire (safe; 1% risk of failure)
Confirm with . or Enter, or press ? or * to list all spells.
You conjure some foxfire!
The gnoll sergeant hits you from afar with a +5 spear of venom!
The foxfire hits the gnoll sergeant but does no damage.
The gnoll sergeant is lightly wounded.
Unknown command.
Your foxfire dissipates!
The foxfire hits the gnoll sergeant.
The gnoll sergeant is lightly wounded.
The foxfire hits the gnoll sergeant but does no damage.
The gnoll sergeant is lightly wounded.
The gnoll sergeant closely misses you.
Casting: Foxfire (safe; 1% risk of failure)
Confirm with . or Enter, or press ? or * to list all spells.
Aiming: Sticky Flame (dangerous; 9% risk of failure)
Press: ? - help, Shift-Dir - straight line, f - gnoll sergeant
Aim: a gnoll sergeant, wielding a +5 spear of venom and wearing a +0 ring mail (lightly wounded, 100% to hit)
The sticky flame hits the gnoll sergeant but does no damage.
The gnoll sergeant is lightly wounded.
The gnoll sergeant is covered in liquid flames!
* * * LOW HITPOINT WARNING * * *
The gnoll sergeant burns!
The gnoll sergeant hits you with a +5 spear of venom!
* * * LOW HITPOINT WARNING * * *
Unknown command.
The gnoll sergeant burns!
The gnoll sergeant hits you from afar with a +5 spear of venom!
* * * LOW HITPOINT WARNING * * *
Okay, then.
The gnoll sergeant hits you from afar with a +5 spear of venom.
You die...

#.# #...####.#...#.# # #.#
#...####.#...#.#
##.#####<..#........#.#
#...............#...#.#
#.................###.#
##(..#####...........).###
g........#.#.).g..:......#
##..##.#.#.#..##.#.#####.######
.)### #..#.#..##@#.# #..(.(.#
### .##.........# ######.# #
#####.####### #.# #.......# #.#
#.#####.# #.# #.# ###.###
###.### #.# #.....# #.....#
#.###...(.# #.###.#
#..##.....#####.# #.#


You could see a gnoll sergeant (burning).

Vanquished Creatures
  A vampire mosquito (D:7)
  A black bear (D:6)
  A necrophage (D:6)
  An ogre (D:6)
  2 centaurs (D:6)
  A bullfrog (D:6)
  Blork the orc (D:4)
  3 scorpions (D:5)
  A water moccasin skeleton (D:4)
  5 killer bees (D:5)
  A howler monkey (D:6)
  2 electric eels (D:6)
  A bullfrog zombie (D:6)
  A centaur zombie (D:6)
  2 jellies
  A centaur skeleton (D:7)
  3 orc priests
  7 hounds
  2 iguanas
  An orc wizard (D:3)
  8 adders
  5 gnolls
  A shadow imp (D:7)
  A white imp (D:6)
  An ufetubus (D:5)
  A worm (D:5)
  3 dart slugs
  17 orcs
  6 bats
  7 endoplasms
  6 giant cockroaches
  6 goblins
  5 hobgoblins
  4 jackals (D:2)
  4 quokkas
  7 ball pythons
  2 frilled lizards (D:1)
  A kobold (D:3)
  3 rats
126 creatures vanquished.

Vanquished Creatures (collateral kills)
  A howler monkey skeleton (D:7)
  A foxfire (D:6)
2 creatures vanquished.

Vanquished Creatures (others)
  489 foxfires
  3 plants (D:6)
492 creatures vanquished.

Grand Total: 620 creatures vanquished

Notes
Turn   | Place    | Note
-------+----------+-------------------------------------------
     0 | D:1      | dickylongcocking the Djinni Fire Elementalist began the
                  | quest for the Orb.
     0 | D:1      | Reached XP level 1. HP: 15/15 MP: 0/0
   438 | D:1      | Reached XP level 2. HP: 16/21 MP: 0/0
  1431 | D:1      | Reached XP level 3. HP: 19/25 MP: 0/0
  1431 | D:1      | Learned a level 1 spell: Apportation
  2562 | D:2      | Reached XP level 4. HP: 4/31 MP: 0/0
  3366 | D:2      | Found a hide-covered altar of Uskayaw.
  3850 | D:3      | Reached XP level 5. HP: 25/36 MP: 0/0
  3850 | D:3      | Learned a level 2 spell: Static Discharge
  3959 | D:2      | Became a worshipper of Uskayaw the Reveller
  4013 | D:3      | Reached * piety under Uskayaw
  4023 | D:3      | Reached ** piety under Uskayaw
  4088 | D:3      | Reached skill level 1 in Fighting
  4190 | D:3      | Found Hefohila's Antique Weapon Shoppe.
  4425 | D:3      | Bought a warped dagger for 133 gold pieces
  4425 | D:3      | Identified the +5 dagger of Peril {protect, Contam rPois
                  | Dex+10 Stlth+} (You bought it in a shop on level 3 of the
                  | Dungeon)
  4603 | D:3      | Reached skill level 1 in Invocations
  4714 | D:3      | Reached XP level 6. HP: 32/42 MP: 0/0
  4984 | D:4      | Reached *** piety under Uskayaw
  5203 | D:4      | Noticed Blork the orc
  5213 | D:4      | Killed Blork the orc
  5214 | D:4      | Reached XP level 7. HP: 45/49 MP: 0/0
  5214 | D:4      | Learned a level 3 spell: Lesser Beckoning
  5576 | D:4      | Found a staircase to the Ecumenical Temple.
  5728 | D:4      | Found a burning altar of Makhleb.
  6025 | D:4      | Noticed an Executioner
  6028 | D:4      | Noticed a smoke demon
  6028 | D:4      | Noticed an orange demon
  6040 | D:5      | Entered Level 5 of the Dungeon
  6044 | D:5      | Found an ornate altar of the Wu Jian Council.
  6093 | D:5      | Gained mutation: You are robust. (+10% HP) [potion of
                  | mutation]
  6093 | D:5      | Gained mutation: You are partially covered in iridescent
                  | scales. (AC +2) [potion of mutation]
  6093 | D:5      | Gained mutation: You are weak. (Str -2) [potion of
                  | mutation]
  6093 | D:5      | Gained mutation: Your mind is acute. (Int +2) [potion of
                  | mutation]
  6738 | D:5      | Reached XP level 8. HP: 39/63 MP: 0/0
  7404 | D:6      | Reached skill level 5 in Spellcasting
  7409 | D:6      | Reached **** piety under Uskayaw
  7646 | D:6      | Reached skill level 5 in Fighting
  7651 | D:6      | Paralysed by a centaur for 5 turns
  7661 | D:6      | Reached skill level 5 in Invocations
  7785 | D:6      | Reached XP level 9. HP: 29/71 MP: 0/0
  7785 | D:6      | Learned a level 4 spell: Summon Ice Beast
  9711 | D:7      | Noticed a hornet
  9762 | D:7      | HP: 2/72 [gnoll sergeant (9)]
  9763 | D:7      | Slain by a gnoll sergeant

Illustrated notes

Levels and vault maps discovered:
D:1:      psy_arrival_conway, layout_loops_ring, kennysheep_small_spiral,
          kennysheep_pointless_box, st_stairs_8, chequers_serial_rivers_marsh,
          chequers_serial_rivers_micro_e
D:2:      minmay_door_path, layout_loops_ring, basic_altar,
          minmay_misc_feat_columns
D:3:      layout_basic, serial_shops, shop_statue, columned_hall_lemuel
D:4:      layout_gridville, makhleb_altar_promises_db,
          minmay_temple_entry_ruins, uniq_blork_the_orc
D:5:      layout_basic, nzn_wu_jian_council_hall
D:6:      layout_rooms, gup_sewer_entry_pipe, grunt_ministairs_14,
          mrwooster_statue_mirror, serial_bayou_lake_a
D:7:      layout_loops_cross, minmay_manual_mess

Skill      XL: |  1  2  3  4  5  6  7  8  9 |
---------------+----------------------------+-----
Spellcasting   | 3 4 5 6 |  6.0
Stealth        | 2 |  2.2
Fighting       | 1 2 3 5 6 |  6.2
Invocations    | 1 2 3 5 6 |  6.0
Polearms       | |  0.8
Dodging        | |  2.9

Action                   |  1- 3 |  4- 6 |  7- 9 || total
-------------------------+-------+-------+-------++-------
Melee: Unarmed           |     7 |       |       ||     7
       Dagger            |    13 |    16 |    79 ||   108
       Spear             |    17 |    28 |       ||    45
 Cast: Foxfire           |    92 |   102 |   121 ||   315
       Sticky Flame      |       |       |     9 ||     9
       Fireball          |       |       |     3 ||     3
       Summon Ice Beast  |       |       |     1 ||     1
Invok: Stomp             |       |       |     3 ||     3
Evoke: Wand              |       |       |     2 ||     2
  Use: Potion            |     1 |       |     3 ||     4
       Scroll            |       |       |     3 ||     3
 Stab: Sleeping          |       |     2 |     2 ||     4
       Paralysed         |       |     1 |     2 ||     3
Armor: Robe              |    22 |    16 |    59 ||    97
Dodge: Dodged            |    47 |    47 |   138 ||   232

Table legend: (Time is in decaauts)
 A = Elapsed time spent in this place.
 B = Non-inter-level travel time spent in this place.
 C = Inter-level travel time spent in this place.
 D = Time resting spent in this place.
 E = Time spent auto-exploring this place.
 F = Levels seen in this place.
 G = Mean time per level.
                   A        B        C        D        E       F      G
               +--------+--------+--------+--------+--------+-----+--------+
         Total |   9770 |   9271 |    499 |    812 |   7494 |   7 | 1395.7 |
       Dungeon |   9770 |   9271 |    499 |    812 |   7494 |   7 | 1395.7 |
               +--------+--------+--------+--------+--------+-----+--------+

Top non-repeatable levels by time:
     D:1: 1978 daAuts
     D:6: 1957 daAuts
     D:2: 1597 daAuts
     D:3: 1368 daAuts
     D:5: 1348 daAuts
     D:4: 1250 daAuts
     D:7: 268 daAuts
